 Dungeon Crawl Stone Soup version 0.31-a0-157-g0643eb4156 (webtiles) character file.

Game seed: 12837803258357371635

3845 qw the Skirmisher (level 10, -19/94 HPs)
             Began as a Naga Hunter on June 12, 2023.
             Was an Initiate of Okawaru.
             Demolished by Pikel
             ... wielding a +2 whip of electrocution
              (20 damage)
             ... on level 8 of the Dungeon.
             The game lasted 00:03:08 (5676 turns).

qw the Skirmisher (Naga Hunter)                     Turns: 5676, Time: 00:03:08

Health: -19/94     AC:  9    Str: 14    XL:     10   Next: 18%
Magic:  10/10      EV: 14    Int:  9    God:    Okawaru [......]
Gold:   532        SH:  0    Dex: 19    Spells: 9/9 levels left

rFire   . . .        Y - +3 shortbow
rCold   . . .        (shield currently unavailable)
rNeg    . . .        c - +0 leather armour
rPois   +            (no helmet)
rElec   .            o - scarf {repulsion}
rCorr   .            (no gloves)
SInv    +            h - +0 barding
Will    ++...        p - amulet of regeneration
Stlth   ++           m - ring of willpower
HPRegen 1.15/turn    q - +5 ring of evasion
MPRegen 0.12/turn

%: repel missiles
@: short of breath, very slow
A: AC +3, large, see invisible, deformed body, poison resistance, slowness 2,
spit poison 1, naga tail 1
a: Spit Poison, Renounce Religion


You were on level 8 of the Dungeon.
You worshipped Okawaru.
Okawaru was noncommittal.
You visited 2 branches of the dungeon, and saw 9 of its levels.

You collected 532 gold pieces.


Innate Abilities, Weirdness & Mutations

Your serpentine skin is tough. (AC +3)
You have supernaturally acute eyesight. (SInv)
Armour fits poorly on your strangely shaped body.
Your system is resistant to poisons. (rPois)
You cover ground very slowly.
You can spit poison.
You have a snake-like lower body.


   Skills:
 - Level 7.3 Fighting
 - Level 11.0 Ranged Weapons
 - Level 2.5 Armour
 + Level 3.8 Dodging
 - Level 1.5 Stealth


You had 9 spell levels left.
You didn't know any spells.
Your spell library was empty.

Inventory:

Hand Weapons
 Y - a +3 shortbow (weapon)
Armour
 c - a +0 leather armour (worn)
 h - a +0 barding (worn)
 o - a scarf of repulsion (worn)
Jewellery
 e - a ring of ice
 f - a +6 ring of strength
 m - a ring of willpower (left hand)
 p - an amulet of regeneration (around neck)
 q - a +5 ring of evasion (right hand)
Scrolls
 a - 2 scrolls of identify
Potions
 d - 3 potions of mutation
 g - 2 potions of haste
 i - 3 potions of might
 j - a potion of cancellation
 l - 2 potions of curing

Dungeon Overview and Level Annotations

Branches:
Dungeon (8/15)             Temple (1/1) D:4
   Lair: D:8-11

Altars:
Ashenzari
Cheibriados
Dithmenos
Elyvilon
Fedhas
Gozag
Hepliaklqana
Kikubaaqudgha
Makhleb
Nemelex Xobeh
Okawaru
Qazlal
Ru
Sif Muna
Trog
Uskayaw
Vehumet
Wu Jian
Xom
Yredelemnul
Zin
The Shining One

Shops:
D:4 (   D:8 [[

Annotations:
D:6 3 runed translucent doors, qw's ghost, novice GrFi; qw's ghost, novice GrHu
D:8 Pikel


Message History

You shoot an arrow.
The arrow hits Pikel but does no damage.
Pikel is moderately wounded.
Pikel closely misses you. The yak gores you! The yak closely misses you.
You shoot an arrow.
The arrow hits Pikel but does no damage.
Pikel is moderately wounded.
Pikel closely misses you. The yak misses you. The yak gores you.
You shoot an arrow. The arrow misses Pikel.
The arrow hits the lemure.
The lemure is heavily wounded.
You have got your breath back.
Pikel barely misses you. The yak gores you but does no damage.
The yak gores you.
5672 ||| INVOKING Spit Poison.
Aiming: Spit Poison (1% risk of failure)
Press: ? - help, Shift-Dir - straight line, f/p - Pikel The splash of poison misses Pikel.
The splash of poison hits the lemure but does no damage.
The lemure is poisoned.
The lemure is heavily wounded.
Pikel cracks his whip.
Pikel misses you. The yak gores you but does no damage.
The yak closely misses you.
You shoot an arrow. The arrow barely misses Pikel.
The arrow barely misses the lemure.
Pikel hits you with a +2 whip of electrocution.
You are electrocuted!
The yak closely misses you. The yak misses you.
You shoot an arrow. The arrow closely misses Pikel.
The arrow hits the lemure.
The lemure is heavily wounded.
Pikel hits you but does no damage.
You are electrocuted!!
The yak closely misses you. The yak barely misses you.
You shoot an arrow. The arrow hits Pikel!
Pikel is heavily wounded.
Pikel hits you with a +2 whip of electrocution.
The yak gores you! The yak barely misses you.
You shoot an arrow. The arrow hits Pikel.
Pikel is severely wounded.
Pikel hits you with a +2 whip of electrocution.
You are electrocuted!!
You die...

....#........###
......#####..#
.........##.##
...######....#
##.#######..##
............#
........###.#
.######.###..#
#.Y@##.#
###YK5Y.#
.5Y5..# #####..#
#... #... ... ..


You could see Pikel, 4 yaks and 3 lemures.

Vanquished Creatures
  7 humans
  4 yaks (D:7)
  Menkaure (D:4)
  An ice beast (D:7)
  A black bear (D:8)
  A sky beast (D:7)
  A centaur (D:6)
  2 kobold brigands
  A bullfrog (D:6)
  Blork the orc (D:6)
  2 scorpions (D:7)
  5 wights (D:7)
  A howler monkey (D:7)
  2 electric eels (D:8)
  A gnoll bouda (D:6)
  5 jellies
  4 orc priests
  A hound (D:6)
  2 iguanas (D:4)
  2 sleepcaps
  15 orc wizards
  9 gnolls
  3 adders
  2 white imps (D:5)
  4 ufetubi
  3 worms
  A dart slug (D:1)
  27 orcs
  9 endoplasms
  A giant cockroach (D:1)
  4 hobgoblins
  2 quokkas
  9 ball pythons
  4 bats
  2 frilled lizards (D:3)
  2 goblins
  18 kobolds
  2 rats (D:1)
162 creatures vanquished.

Vanquished Creatures (others)
  2 iguanas (D:5)
  An adder (D:5)
3 creatures vanquished.

Grand Total: 165 creatures vanquished

Notes
Turn   | Place    | Note
-------+----------+-------------------------------------------
     0 | D:1      | qw the Naga Hunter began the quest for the Orb.
     0 | D:1      | Reached XP level 1. HP: 19/19 MP: 1/1
     0 | D:1      | 0 ||| qw: Version: 0.2-a-29-gc1b59c4
     0 | D:1      | 0 ||| qw: Game counter: 4151
     0 | D:1      | 0 ||| qw: Always use a shield: true
     0 | D:1      | 0 ||| qw: God list: Okawaru
     0 | D:1      | 0 ||| qw: Allow faded altars: false
     0 | D:1      | 0 ||| qw: Do Orc after D:15 true
     0 | D:1      | 0 ||| qw: Do second Lair branch before Depths: true
     0 | D:1      | 0 ||| qw: Lair rune preference: random
     0 | D:1      | 0 ||| qw: Plans: Normal
     0 | D:1      | 0 ||| PLANNING D:1-11
   182 | D:1      | 182 ||| INVOKING Spit Poison.
   188 | D:1      | 188 ||| INVOKING Spit Poison.
   224 | D:1      | 224 ||| INVOKING Spit Poison.
   225 | D:1      | 225 ||| INVOKING Spit Poison.
   226 | D:1      | Reached skill level 4 in Ranged Weapons
   226 | D:1      | Reached XP level 2. HP: 26/26 MP: 2/2
   293 | D:1      | 293 ||| INVOKING Spit Poison.
   297 | D:1      | 297 ||| INVOKING Spit Poison.
   356 | D:1      | 356 ||| INVOKING Spit Poison.
   475 | D:1      | 475 ||| INVOKING Spit Poison.
   506 | D:1      | 506 ||| INVOKING Spit Poison.
   518 | D:1      | 518 ||| INVOKING Spit Poison.
   522 | D:1      | 522 ||| INVOKING Spit Poison.
   664 | D:1      | 664 ||| INVOKING Spit Poison.
   775 | D:1      | 775 ||| UPGRADING to +0 barding.
   780 | D:1      | 780 ||| DRINKING 2 emerald potions.
   781 | D:1      | 781 ||| DRINKING 2 sapphire potions.
   782 | D:1      | 782 ||| DRINKING 2 smoky inky potions.
   783 | D:1      | 783 ||| DROPPING scroll of butterflies.
   784 | D:1      | 784 ||| DROPPING potion of brilliance.
   873 | D:2      | 873 ||| INVOKING Spit Poison.
   879 | D:2      | 879 ||| INVOKING Spit Poison.
   880 | D:2      | 880 ||| INVOKING Spit Poison.
   885 | D:2      | 885 ||| INVOKING Spit Poison.
   941 | D:2      | 941 ||| INVOKING Spit Poison.
   942 | D:2      | Reached XP level 3. HP: 32/32 MP: 3/3
  1082 | D:2      | 1082 ||| INVOKING Spit Poison.
  1191 | D:2      | 1191 ||| INVOKING Spit Poison.
  1194 | D:2      | 1194 ||| INVOKING Spit Poison.
  1291 | D:2      | 1291 ||| READING 2 scrolls labelled CUITOSKO YLIPT.
  1292 | D:2      | 1292 ||| READING scroll labelled GEEWKI VUFO.
  1293 | D:2      | 1293 ||| READING 2 scrolls labelled SEXEDI QIHEMOP.
  1329 | D:3      | 1329 ||| INVOKING Spit Poison.
  1401 | D:3      | 1401 ||| INVOKING Spit Poison.
  1408 | D:3      | Found a sparkling altar of Nemelex Xobeh.
  1420 | D:3      | Found a sacrificial altar of Ru.
  1428 | D:3      | 1428 ||| INVOKING Spit Poison.
  1649 | D:3      | Reached skill level 5 in Ranged Weapons
  1649 | D:3      | Reached XP level 4. HP: 39/39 MP: 4/4
  1673 | D:3      | 1673 ||| INVOKING Spit Poison.
  1740 | D:3      | 1740 ||| INVOKING Spit Poison.
  1747 | D:3      | 1747 ||| INVOKING Spit Poison.
  2048 | D:3      | Found a glowing golden altar of the Shining One.
  2117 | D:3      | 2117 ||| UPGRADING to ring of willpower.
  2118 | D:3      | 2118 ||| READING 2 scrolls labelled DEHEURGH SURR.
  2119 | D:3      | 2119 ||| READING scroll labelled NIALYN HABBOHY.
  2120 | D:3      | 2120 ||| READING 3 scrolls of identify.
  2120 | D:3      | 2120 ||| IDENTIFYING viscous dark potion
  2121 | D:3      | 2121 ||| READING 2 scrolls of identify.
  2121 | D:3      | 2121 ||| IDENTIFYING gluggy blue potion
  2122 | D:3      | 2122 ||| DROPPING scroll of fog.
  2170 | D:4      | Found a radiant altar of Vehumet.
  2198 | D:4      | 2198 ||| INVOKING Spit Poison.
  2201 | D:4      | 2201 ||| INVOKING Spit Poison.
  2204 | D:4      | 2204 ||| INVOKING Spit Poison.
  2259 | D:4      | 2259 ||| INVOKING Spit Poison.
  2262 | D:4      | 2262 ||| INVOKING Spit Poison.
  2343 | D:4      | Found a staircase to the Ecumenical Temple.
  2344 | D:4      | 2344 ||| PLANNING TEMPLE
  2344 | D:4      | 2344 ||| UPGRADING to scarf of repulsion.
  2349 | D:4      | 2349 ||| DROPPING amulet of magic regeneration.
  2350 | D:4      | 2350 ||| UPGRADING to amulet of regeneration.
  2355 | D:4      | 2355 ||| UPGRADING to +5 ring of evasion.
  2356 | D:4      | 2356 ||| READING scroll labelled FONTOSAREG.
  2457 | D:4      | 2457 ||| DRINKING 2 fizzy pink potions.
  2466 | Temple   | Entered the Ecumenical Temple
  2614 | Temple   | 2614 ||| PLANNING D:1-11
  2686 | D:4      | 2686 ||| INVOKING Spit Poison.
  2765 | D:4      | 2765 ||| INVOKING Spit Poison.
  2770 | D:4      | Reached skill level 3 in Fighting
  2770 | D:4      | Reached XP level 5. HP: 47/49 MP: 5/5
  2785 | D:4      | 2785 ||| INVOKING Spit Poison.
  2811 | D:4      | Noticed Menkaure
  2817 | D:4      | Killed Menkaure
  2818 | D:4      | Reached XP level 6. HP: 56/56 MP: 6/6
  2833 | D:4      | 2833 ||| INVOKING Spit Poison.
  2834 | D:4      | 2834 ||| INVOKING Spit Poison.
  2839 | D:4      | 2839 ||| INVOKING Spit Poison.
  2845 | D:4      | 2845 ||| INVOKING Spit Poison.
  2872 | D:4      | 2872 ||| INVOKING Spit Poison.
  2875 | D:4      | 2875 ||| INVOKING Spit Poison.
  2890 | D:4      | Found Cowaezot's Antique Weapon Boutique.
  2895 | D:4      | 2895 ||| INVOKING Spit Poison.
  2899 | D:4      | 2899 ||| SHOPLISTING glowing orcbow (162 gold, have 159).
  2902 | D:4      | 2902 ||| INVOKING Spit Poison.
  2907 | D:4      | 2907 ||| INVOKING Spit Poison.
  2988 | D:4      | 2988 ||| INVOKING Spit Poison.
  2994 | D:4      | 2994 ||| INVOKING Spit Poison.
  2999 | D:4      | 2999 ||| INVOKING Spit Poison.
  3005 | D:4      | 3005 ||| INVOKING Spit Poison.
  3007 | D:4      | HP: 13/56 [orc/+0 mace (5)]
  3008 | D:4      | 3008 ||| READING 2 scrolls of teleportation.
  3009 | D:4      | 3009 ||| DRINKING 3 potions of heal wounds.
  3011 | D:4      | Reached skill level 6 in Ranged Weapons
  3169 | D:4      | 3169 ||| READING 2 scrolls of identify.
  3169 | D:4      | 3169 ||| IDENTIFYING fuming ruby potion
  3170 | D:4      | 3170 ||| DROPPING potion of berserk rage.
  3215 | D:5      | Entered Level 5 of the Dungeon
  3216 | D:5      | 3216 ||| INVOKING Spit Poison.
  3219 | D:5      | 3219 ||| Stepping ~*~*~tactically~*~*~ (outnumbered).
  3219 | D:5      | Found a shimmering altar of Xom.
  3220 | D:5      | 3220 ||| INVOKING Spit Poison.
  3225 | D:5      | 3225 ||| INVOKING Spit Poison.
  3230 | D:5      | Reached XP level 7. HP: 47/62 MP: 7/7
  3231 | D:5      | 3231 ||| FLEEEEING.
  3232 | D:5      | 3232 ||| STAIRDANCE
  3234 | D:4      | 3234 ||| INVOKING Spit Poison.
  3244 | D:5      | 3244 ||| INVOKING Spit Poison.
  3247 | D:5      | 3247 ||| STAIRDANCE
  3249 | D:4      | 3249 ||| INVOKING Spit Poison.
  3253 | D:4      | 3253 ||| INVOKING Spit Poison.
  3283 | D:5      | 3283 ||| INVOKING Spit Poison.
  3359 | D:5      | 3359 ||| INVOKING Spit Poison.
  3366 | D:5      | 3366 ||| INVOKING Spit Poison.
  3370 | D:5      | 3370 ||| INVOKING Spit Poison.
  3379 | D:5      | 3379 ||| READING scroll of enchant weapon.
  3379 | D:5      | 3379 ||| ENCHANTING +1 shortbow.
  3425 | D:5      | 3425 ||| INVOKING Spit Poison.
  3447 | D:5      | 3447 ||| Stepping ~*~*~tactically~*~*~ (outnumbered).
  3449 | D:5      | 3449 ||| Stepping ~*~*~tactically~*~*~ (outnumbered).
  3451 | D:5      | 3451 ||| Stepping ~*~*~tactically~*~*~ (outnumbered).
  3453 | D:5      | 3453 ||| Stepping ~*~*~tactically~*~*~ (outnumbered).
  3455 | D:5      | 3455 ||| Stepping ~*~*~tactically~*~*~ (outnumbered).
  3456 | D:5      | 3456 ||| INVOKING Spit Poison.
  3462 | D:5      | 3462 ||| INVOKING Spit Poison.
  3519 | D:5      | 3519 ||| INVOKING Spit Poison.
  3523 | D:5      | 3523 ||| Stepping ~*~*~tactically~*~*~ (outnumbered).
  3525 | D:5      | 3525 ||| INVOKING Spit Poison.
  3595 | D:5      | 3595 ||| INVOKING Spit Poison.
  3602 | D:5      | 3602 ||| INVOKING Spit Poison.
  3926 | D:5      | 3926 ||| READING 3 scrolls of identify.
  3926 | D:5      | 3926 ||| IDENTIFYING grey potion
  3927 | D:5      | 3927 ||| DROPPING potion of magic.
  3989 | D:6      | 3989 ||| INVOKING Spit Poison.
  3992 | D:6      | Reached skill level 7 in Ranged Weapons
  3996 | D:6      | 3996 ||| INVOKING Spit Poison.
  3999 | D:6      | 3999 ||| INVOKING Spit Poison.
  4003 | D:6      | 4003 ||| INVOKING Spit Poison.
  4005 | D:6      | Reached XP level 8. HP: 62/72 MP: 8/8
  4007 | D:6      | 4007 ||| INVOKING Spit Poison.
  4032 | D:6      | 4032 ||| INVOKING Spit Poison.
  4039 | D:6      | 4039 ||| INVOKING Spit Poison.
  4043 | D:6      | 4043 ||| INVOKING Spit Poison.
  4047 | D:6      | 4047 ||| INVOKING Spit Poison.
  4052 | D:6      | 4052 ||| INVOKING Spit Poison.
  4059 | D:6      | 4059 ||| INVOKING Spit Poison.
  4060 | D:6      | Reached skill level 8 in Ranged Weapons
  4065 | D:6      | 4065 ||| INVOKING Spit Poison.
  4069 | D:6      | 4069 ||| INVOKING Spit Poison.
  4069 | D:6      | HP: 18/72 [human/+0 club (7)]
  4070 | D:6      | 4070 ||| READING 2 scrolls of teleportation.
  4071 | D:6      | 4071 ||| DRINKING 2 potions of heal wounds.
  4125 | D:6      | 4125 ||| INVOKING Spit Poison.
  4130 | D:6      | 4130 ||| INVOKING Spit Poison.
  4148 | D:6      | 4148 ||| INVOKING Spit Poison.
  4200 | D:6      | 4200 ||| INVOKING Spit Poison.
  4207 | D:6      | 4207 ||| INVOKING Spit Poison.
  4210 | D:6      | 4210 ||| INVOKING Spit Poison.
  4215 | D:6      | 4215 ||| INVOKING Spit Poison.
  4220 | D:6      | 4220 ||| INVOKING Spit Poison.
  4228 | D:6      | 4228 ||| INVOKING Spit Poison.
  4235 | D:6      | 4235 ||| INVOKING Spit Poison.
  4292 | D:6      | 4292 ||| READING scroll of enchant weapon.
  4292 | D:6      | 4292 ||| ENCHANTING +2 shortbow.
  4392 | D:6      | Found a burning altar of Makhleb.
  4392 | D:6      | Found a hazy altar of Hepliaklqana.
  4393 | D:6      | Found a white marble altar of Elyvilon.
  4427 | D:6      | 4427 ||| INVOKING Spit Poison.
  4431 | D:6      | Reached skill level 9 in Ranged Weapons
  4451 | D:6      | Found a runed translucent gate.
  4452 | D:6      | Found a runed translucent gate.
  4453 | D:6      | Found a runed translucent gate.
  4473 | D:6      | 4473 ||| INVOKING Spit Poison.
  4476 | D:6      | Reached XP level 9. HP: 81/81 MP: 9/9
  4477 | D:6      | 4477 ||| INVOKING Spit Poison.
  4481 | D:6      | 4481 ||| INVOKING Spit Poison.
  4487 | D:6      | 4487 ||| INVOKING Spit Poison.
  4494 | D:6      | 4494 ||| INVOKING Spit Poison.
  4502 | D:6      | 4502 ||| INVOKING Spit Poison.
  4509 | D:6      | Reached skill level 3 in Dodging
  4547 | D:6      | Noticed Blork the orc
  4548 | D:6      | 4548 ||| INVOKING Spit Poison.
  4552 | D:6      | Killed Blork the orc
  4600 | D:6      | Noticed qw's ghost (novice GrHu)
  4600 | D:6      | Noticed qw's ghost (novice GrFi)
  4600 | D:6      | Noticed qw's ghost (novice GrFi)
  4763 | D:6      | 4763 ||| READING 3 scrolls labelled UNESHR DEUXTY.
  4764 | D:6      | 4764 ||| DRINKING 2 fuming sapphire potions.
  4765 | D:6      | 4765 ||| DRINKING 3 potions of curing.
  4765 | D:6      | 4765 ||| (to cure confusion)
  4766 | D:6      | 4766 ||| READING 4 scrolls of identify.
  4766 | D:6      | 4766 ||| IDENTIFYING lumpy clear potion
  4767 | D:6      | 4767 ||| DROPPING 2 scrolls of amnesia.
  4768 | D:6      | 4768 ||| DROPPING potion of degeneration.
  4769 | D:6      | 4769 ||| DROPPING potion of ambrosia.
  4832 | D:7      | 4832 ||| INVOKING Spit Poison.
  4853 | D:7      | 4853 ||| INVOKING Spit Poison.
  4875 | D:7      | 4875 ||| INVOKING Spit Poison.
  4880 | D:7      | 4880 ||| INVOKING Spit Poison.
  4884 | D:7      | 4884 ||| INVOKING Spit Poison.
  4888 | D:7      | Reached skill level 6 in Fighting
  4891 | D:7      | 4891 ||| INVOKING Spit Poison.
  4894 | D:7      | HP: 15/79 [wight/+3 long sword (12)]
  4895 | D:7      | 4895 ||| READING 3 scrolls of teleportation.
  4896 | D:7      | 4896 ||| DRINKING potion of heal wounds.
  4897 | D:7      | 4897 ||| INVOKING Spit Poison.
  4909 | D:7      | 4909 ||| INVOKING Spit Poison.
  4917 | D:7      | 4917 ||| INVOKING Spit Poison.
  4921 | D:7      | 4921 ||| INVOKING Spit Poison.
  4928 | D:7      | 4928 ||| INVOKING Spit Poison.
  4932 | D:7      | Reached skill level 10 in Ranged Weapons
  4932 | D:7      | 4932 ||| INVOKING Spit Poison.
  4932 | D:7      | HP: 11/82 [yak (13)]
  4933 | D:7      | 4933 ||| READING 2 scrolls of teleportation.
  4937 | D:7      | 4937 ||| READING scroll of teleportation.
  4938 | D:7      | 4938 ||| INVOKING Spit Poison.
  4944 | D:7      | 4944 ||| INVOKING Spit Poison.
  4948 | D:7      | 4948 ||| INVOKING Spit Poison.
  4948 | D:7      | HP: 16/82 [orc/+0 morningstar (4)]
  4953 | D:7      | 4953 ||| INVOKING Spit Poison.
  4953 | D:7      | HP: 17/82 [orc wizard/+0 dagger (3)]
  4958 | D:7      | 4958 ||| INVOKING Spit Poison.
  4959 | D:7      | HP: 17/85 [orc/+0 whip (4)]
  4964 | D:7      | HP: 12/85 [orc/+0 whip (1)]
  4966 | D:7      | 4966 ||| INVOKING Spit Poison.
  4972 | D:7      | 4972 ||| INVOKING Spit Poison.
  5013 | D:7      | 5013 ||| INVOKING Spit Poison.
  5015 | D:7      | 5015 ||| Stepping ~*~*~tactically~*~*~ (outnumbered).
  5016 | D:7      | 5016 ||| INVOKING Spit Poison.
  5023 | D:7      | 5023 ||| INVOKING Spit Poison.
  5026 | D:7      | 5026 ||| INVOKING Spit Poison.
  5030 | D:7      | 5030 ||| INVOKING Spit Poison.
  5050 | D:7      | 5050 ||| INVOKING Spit Poison.
  5056 | D:7      | 5056 ||| INVOKING Spit Poison.
  5063 | D:7      | 5063 ||| INVOKING Spit Poison.
  5068 | D:7      | 5068 ||| INVOKING Spit Poison.
  5149 | D:7      | Reached XP level 10. HP: 72/92 MP: 10/10
  5191 | D:7      | Found a blossoming altar of Fedhas.
  5353 | D:7      | 5353 ||| DROPPING ring of positive energy.
  5354 | D:7      | 5354 ||| READING scroll labelled XEAREA OPOCIYTT.
  5355 | D:7      | 5355 ||| READING 3 scrolls of identify.
  5355 | D:7      | 5355 ||| IDENTIFYING fuming purple potion
  5385 | D:8      | 5385 ||| INVOKING Spit Poison.
  5402 | D:8      | 5402 ||| INVOKING Spit Poison.
  5406 | D:8      | 5406 ||| INVOKING Spit Poison.
  5411 | D:8      | 5411 ||| INVOKING Spit Poison.
  5414 | D:8      | 5414 ||| INVOKING Spit Poison.
  5421 | D:8      | 5421 ||| INVOKING Spit Poison.
  5430 | D:8      | 5430 ||| INVOKING Spit Poison.
  5433 | D:8      | Reached skill level 11 in Ranged Weapons
  5435 | D:8      | 5435 ||| INVOKING Spit Poison.
  5447 | D:8      | Found Ywejy's Antique Armour Emporium.
  5493 | D:8      | Found an iron altar of Okawaru.
  5494 | D:8      | 5494 ||| PLANNING OKAWARU WORSHIP
  5497 | D:8      | 5497 ||| INVOKING Spit Poison.
  5502 | D:8      | 5502 ||| INVOKING Spit Poison.
  5508 | D:8      | 5508 ||| INVOKING Spit Poison.
  5536 | D:8      | Became a worshipper of Warmaster Okawaru
  5536 | D:8      | 5536 ||| PLANNING D:1-11
  5545 | D:8      | Found Milek's Armour Boutique.
  5550 | D:8      | 5550 ||| INVOKING Spit Poison.
  5655 | D:8      | Noticed Pikel
  5656 | D:8      | 5656 ||| INVOKING Spit Poison.
  5662 | D:8      | 5662 ||| INVOKING Spit Poison.
  5666 | D:8      | 5666 ||| INVOKING Spit Poison.
  5672 | D:8      | 5672 ||| INVOKING Spit Poison.
  5674 | D:8      | HP: 12/94 [Pikel/+2 whip of electrocution (18)]
  5675 | D:8      | HP: 2/94 [yak (10)]
  5676 | D:8      | Demolished by Pikel

Levels and vault maps discovered:
D:1:      dpeg_cavernosity, layout_basic
D:2:      layout_basic
D:3:      layout_basic, nicolae_tso_swordbearing_angel, nicolae_overflow_squiral
D:4:      layout_gridville, kennysheep_mini, minmay_temple_entry_ruins,
          serial_shops, shop, uniq_menkaure
D:5:      layout_loops_ring, xom_confusion_cloud, chequers_serial_rivers_micro_b
D:6:      layout_basic, gammafunk_temple_overflow_claw,
          gammafunk_ghost_cemetery, minmay_ruffians, uniq_blork_the_orc
D:7:      layout_rooms, mainiacjoe_overflow_chevrons
D:8:      layout_rooms, okawaru_humans, david_lair_shrubbed, serial_shops,
          nicolae_stop_n_shop_2, shop, serial_bayou_lagoon_a,
          grunt_decor_one_mirror, uniq_maggie, uniq_pikel
Temple:   hellmonk_temple_forest_ring

Skill      XL: |  1  2  3  4  5  6  7  8  9 10 |
---------------+-------------------------------+-----
Ranged Weapons | 4 5 6 7 9 10 11 | 11.0
Fighting       | 3 4 5 7 |  7.3
Armour         | 2 |  2.5
Dodging        | 2 3 |  3.8
Stealth        | |  1.5

Action                     |  1- 3 |  4- 6 |  7- 9 | 10-12 || total
---------------------------+-------+-------+-------+-------++-------
   Fire: Shortbow          |    44 |    83 |   340 |    70 ||   537
Ability: Spit Poison       |    21 |    26 |    74 |    16 ||   137
    Use: Potion            |     3 |     2 |     4 |       ||     9
         Scroll            |     3 |     7 |     9 |     2 ||    21
 Armour: Leather armour    |     2 |    19 |   116 |     4 ||   141
  Dodge: Dodged            |     6 |    44 |   231 |    27 ||   308
         Repelled          |       |     4 |     3 |     2 ||     9

Table legend:
 A = Non-vault XP
 B = Vault XP
 C = Vault XP percentage of total XP
 D = Non-vault monster count
 E = Vault monster count
 F = Vault count percentage of total count
                 A         B        C        D         E       F
            +---------+---------+-------+---------+---------+-------
      Total |    3721 |    1772 |  32.3 |     143 |      19 |  11.7
            +---------+---------+-------+---------+---------+-------
        D:1 |      21 |       7 |  25.0 |      12 |       4 |  25.0
        D:2 |      26 |       0 |   0.0 |       9 |       0 |   0.0
        D:3 |      59 |       0 |   0.0 |      12 |       0 |   0.0
        D:4 |     396 |     186 |  32.0 |      28 |       2 |   6.7
        D:5 |     292 |     104 |  26.3 |      16 |       5 |  23.8
        D:6 |     536 |    1101 |  67.3 |      16 |       6 |  27.3
        D:7 |    2044 |       0 |   0.0 |      39 |       0 |   0.0
        D:8 |     347 |     374 |  51.9 |      11 |       2 |  15.4
            +---------+---------+-------+---------+---------+-------
